 Dungeon Crawl Stone Soup version 0.16-a0-4056-gee4db93 (webtiles) character file.

39572 timbw the Convoker (level 13, -19/57 HPs)
             Began as a Felid Summoner on Feb 19, 2015.
             Was the Champion of Sif Muna.
             Killed from afar by a storm dragon (28 damage)
             ... with a bolt of lightning
             ... on level 15 of the Dungeon on Feb 20, 2015.
             The game lasted 02:32:13 (19944 turns).

timbw the Convoker (Felid Summoner)                Turns: 19944, Time: 02:32:13

Health: -19/57     AC:  7    Str:  8    XL:     13   Next: 69%
Magic:  10/34      EV: 25    Int: 27    God:    Sif Muna [******]
Gold:   2094       SH:  0    Dex: 15    Spells: 9 memorised, 1 level left
                                        Lives:  0   Deaths: 3

rFire  + . .     SeeInvis +     (weapon unavailable)
rCold  + . .     Clarity  .     (armour unavailable)
rNeg   . . .     SustAb   .     (shield unavailable)
rPois  .         Gourm    .     (helmet unavailable)
rElec  .         Spirit   .     (cloak unavailable)
rCorr  .         Warding  .     (gloves unavailable)
rMut   .         Stasis   .     (boots unavailable)
MR     +....                    (no amulet)
Stlth  ++++......               H - +5 ring of intelligence
                                f - ring "Jatuugoulu" {rF+ Str+4}

@: regenerating, repel missiles, drained, quick, somewhat resistant to hostile
enchantments, stealthy
A: paw claws, no armour, no weapons or thrown items, fangs 3, rough black scales
1, see invisible, carnivore 3, speed 1, shaggy fur 3, slow metabolism 1, sharp
paws
a: Channel Energy, Forget Spell, Renounce Religion


You were on level 15 of the Dungeon.
You worshipped Sif Muna.
Sif Muna was exalted by your worship.
You were not hungry.

You visited 5 branches of the dungeon, and saw 31 of its levels.
You also visited: Labyrinth and Ossuary.

You collected 3248 gold pieces.
You spent 1154 gold pieces at shops.

Inventory:

Jewellery
 a - the ring "Clureoj" {rF+ rN+ MP-9 Str+4 Dex+3 Slay+3}
   (You found it in a labyrinth)

   [ring of protection from fire]

   It affects your strength (+4).
   It affects your dexterity (+3).
   It affects your accuracy and damage with ranged weapons and melee attacks
   (+3).
   It protects you from fire.
   It protects you from negative energy.
   It affects your magic capacity (-9).
 b - the ring "Aclimiurph" {rPois Int+2}
   (You took it off a deep elf death mage on level 3 of the Elven Halls)

   [ring of poison resistance]

   It affects your intelligence (+2).
   It protects you from poison.
 f - the ring "Jatuugoulu" (left paw) {rF+ Str+4}
   (You took it off a deep elf high priest on level 3 of the Elven Halls)

   [ring of protection from fire]

   It affects your strength (+4).
   It protects you from fire.
 i - an uncursed amulet of stasis
 G - an uncursed ring of magical power
 H - a +5 ring of intelligence (right paw)
 K - the amulet of Reng {Ward +Inv rC- rN+ MR++ SInv}
   (You found it on level 3 of the Elven Halls)

   [amulet of warding]

   It may prevent the melee attacks of summoned creatures.
   It makes you vulnerable to cold.
   It protects you from negative energy.
   It affects your resistance to hostile enchantments.
   It enhances your eyesight.
   It lets you turn invisible.
 L - an uncursed ring of ice
 U - an uncursed amulet of resist corrosion
Magical devices
 q - a wand of fire (7)
 v - a wand of teleportation (4)
 w - a wand of digging (3)
 O - a wand of hasting (7)
 Q - a wand of confusion (20)
 W - a wand of fireball (2)
Scrolls
 h - 3 scrolls of fear
 j - 2 scrolls of holy word
 n - 2 scrolls of silence
 p - 4 scrolls of remove curse
 r - 4 scrolls of noise
 u - 2 scrolls of blinking
 A - 4 scrolls of immolation
 B - 3 scrolls of torment
 C - 3 scrolls of fog
 N - 2 scrolls of summoning
 P - 2 scrolls of teleportation
 R - a scroll of identify
Potions
 e - 5 potions of ambrosia
 g - 3 potions of flight
 o - 5 potions of brilliance
 s - 2 potions of magic
 t - a potion of heal wounds
 x - 3 potions of agility
 z - a potion of haste {unknown}
 D - 3 potions of restore abilities
 E - 7 potions of curing
 F - 2 potions of cancellation {unknown}
 J - 2 potions of berserk rage {unknown}
 S - a potion of resistance
 T - a potion of decay {unknown}
 V - a potion of invisibility
 Z - a potion of cure mutation {unknown}
Books
 m - a book of Summonings

   Spells                             Type                      Level
   a - Abjuration                     Summoning                    3
   b - Recall                         Summoning/Translocation      3
   c - Shadow Creatures               Summoning                    5
   d - Summon Demon                   Summoning                    5
   e - Summon Forest                  Summoning/Translocation      5
   f - Monstrous Menagerie            Summoning                    6
 y - an Akashic Record {highlevel}

   This book is beyond your current level of understanding.

   Spells                             Type                      Level
   a - Dispersal                      Translocation                6
   b - Controlled Blink               Translocation                7
   c - Malign Gateway                 Summoning/Translocation      7
   d - Disjunction                    Translocation                8
   e - Singularity                    Translocation                9
 I - a book of the Warp

   Spells                             Type                      Level
   a - Recall                         Summoning/Translocation      3
   b - Control Teleport               Charms/Translocation         4
   c - Force Lance                    Conjuration/Translocation    4
   d - Phase Shift                    Translocation                5
   e - Warp Weapon                    Charms/Translocation         5
   f - Gell's Gravitas                Hexes/Translocation          5
   g - Summon Forest                  Summoning/Translocation      5
 X - a Grand Grimoire

   Spells                             Type                      Level
   a - Aura of Abjuration             Summoning                    6
   b - Summon Greater Demon           Summoning                    7
   c - Malign Gateway                 Summoning/Translocation      7
   d - Summon Horrible Things         Summoning                    8
Miscellaneous
 M - a lamp of fire
 Y - a sack of spiders
Comestibles
 c - 7 meat rations
 d - a beef jerky
 k - 14 royal jellies
 l - a slice of pizza


   Skills:
 - Level 7.0(6.3) Fighting
 + Level 10.9(10.3) Dodging
 - Level 7.4(6.8) Stealth
 + Level 11.4(10.7) Spellcasting
 * Level 18.4(17.6) Summonings
 - Level 8.0(7.3) Invocations


You had one spell level left.
You knew the following spells:

 Your Spells              Type           Power        Failure   Level  Hunger
a - Summon Small Mammal   Summ           ####         0%          1    None
b - Call Imp              Summ           #######.     0%          2    None
c - Call Canine Familiar  Summ           #######.     0%          3    None
d - Summon Lightning Spi  Summ/Air       ######..     1%          4    None
e - Summon Ice Beast      Ice/Summ       ######..     1%          4    None
f - Regeneration          Chrm/Necr      ##........   14%         3    None
g - Repel Missiles        Chrm/Air       ##....       8%          2    None
h - Monstrous Menagerie   Summ           #######...   1%          6    #####..
i - Summon Horrible Thin  Summ           #######...   21%         8    #######


Dungeon Overview and Level Annotations

Branches:
Dungeon (15/15)            Temple (1/1) D:5            Lair (8/8) D:8
 Shoals (0/5) Lair:5        Snake (0/5) Lair:5        Slime (0/6) Lair:7
    Orc (4/4) D:11            Elf (3/3) Orc:4        Vaults (0/5) D:13
 Depths: D:15

Altars:
Ashenzari
Dithmenos
Elyvilon
Kikubaaqudgha
Nemelex Xobeh
Okawaru
Sif Muna
Vehumet
Yredelemnul
The Shining One
Beogh
Jiyva

Shops:
D:9 (   D:12 :   Orc:2 *(   Orc:3 :   Orc:4 [!%(

Annotations:
D:14 exclusion: Roxanne, Roxanne
Lair:5 exclusion: oklob plant


Innate Abilities, Weirdness & Mutations

You cannot wear armour.
You are incapable of wielding weapons or throwing items.
You have razor-sharp teeth.
You have supernaturally acute eyesight.
You are carnivorous and can eat meat at any time.
You cover ground quickly.
Your thick and shaggy fur keeps you warm (AC +3, rC+).
You have a slow metabolism.
Your paws have sharp claws that are effective at stabbing.
You are partially covered in rough black scales (AC +4, Dex -1).


Message History

Your lindwurm claws the storm dragon.
The vampire knight hits your lindwurm with a battleaxe!!
The vampire knight bites your lindwurm but does no damage.
The storm dragon barely misses your manticore.
The storm dragon claws your manticore!
The storm dragon closely misses your manticore.
Your harpy closely misses the storm dragon.
Your harpy claws the storm dragon but does no damage.
Your warg bites the storm dragon.
Your lindwurm bites the storm dragon!
Your lindwurm claws the storm dragon.
Your lindwurm barely misses the storm dragon.
Your manticore barely misses the storm dragon.
Your manticore claws the storm dragon but does no damage.
Your manticore closely misses the storm dragon.
Casting: Monstrous Menagerie
Confirm with . or Enter, or press ? or * to list all spells.
Your skin crawls.
The storm dragon breathes lightning at you.
The bolt of lightning hits your warg. The bolt of lightning hits you!
You die...

#.....#+####.#
#.#..<.......#
#.#.......####
#...)...........
###.......###....
#.......###.#...
#.......#.......
#.......#......
###.#@.<#...#
#.#..#)..#
#.#......#
#.#.##Hh.#
#.#.##.HD#
.#.##.#k.....[.
#....#V..#.[.
#.#..#...# Y
#.##.#...#


You could see a storm dragon, a vampire knight (invisible), a friendly
manticore, a friendly lindwurm, a friendly harpy and a friendly warg.

Vanquished Creatures
  A blink frog (Lair:5)
  2 hippogriffs
  A water moccasin (Lair:5)
  2 hungry ghosts
  A centaur zombie (D:11)
  An orc wizard (Orc:1)
  A hound (D:13)
  An orc priest (Orc:4)
  A river rat (Lair:7)
  3 orcs
  A hobgoblin (D:3)
  A bat (D:3)
  A giant newt (D:2)
  A goblin (Orc:2)
  A jackal skeleton (D:4)
  A kobold zombie (Ossuary)
  An orc zombie (Ossuary)
  A quokka (Lair:1)
  3 rats
25 creatures vanquished.

Vanquished Creatures (collateral kills)
  2 deep elf blademasters (Elf:3)
  2 deep elf master archers (Elf:3)
  Maud (Lair:3)
  5 deep elf sorcerers
  Gastronok (Orc:4)
  5 deep elf demonologists
  6 deep elf annihilators (Elf:3)
  8 vault guards (D:13)
  A minotaur (Lab)
  2 deep elf death magi (Elf:3)
  3 deep elf high priests (Elf:3)
  Fannar (Lair:4)
  A yaktaur captain (D:14)
  Harold (Lair:5)
  11 hydras
  2 centaur warriors
  2 tengu warriors (D:14)
  10 orc high priests
  7 death yaks
  Nergalle (D:15)
  A harpy (Elf:3)
  A lindwurm (Elf:3)
  A catoblepas (D:14)
  3 deep elf knights
  Erolcha (D:10)
  2 deep elf summoners
  3 hill giants
  Pikel (D:4)
  5 unseen horrors
  2 cyclopes
  A wolf spider zombie (D:14)
  3 orc knights
  A wolf spider (D:14)
  6 deep elf conjurers
  2 griffons
  3 ugly things
  A manticore (D:12)
  2 sixfirhies (Elf:3)
  7 black mambas
  9 elephants
  A hornet (shapeshifter) (D:14)
  2 centaur zombies (D:11)
  An octopode (shapeshifter) (D:14)
  An efreet (D:14)
  4 centaur skeletons
  Psyche (Orc:4)
  A torpor snail (Lair:5)
  6 komodo dragons
  25 spiny frogs
  2 tengu conjurers (D:14)
  6 deep elf priests
  3 trolls
  A polar bear (Lair:8)
  2 fire drakes
  2 queen bees
  5 ravens (D:14)
  4 giant leeches (Lair:8)
  A freezing wraith (D:14)
  2 two-headed ogres
  A boulder beetle (D:14)
  25 blink frogs
  5 basilisks
  80 yaks
  3 shadows
  4 wyverns
  13 deep elf magi
  2 hippogriffs
  2 spriggans
  5 vampire mosquitoes
  2 trapdoor spiders
  A wandering mushroom (Lab)
  4 wolves (Lair:4)
  A hungry ghost (D:13)
  10 deep elf fighters
  A ynoxinul (Elf:1)
  3 wargs (Orc:4)
  2 mottled dragons
  12 water moccasins
  7 spiders (Elf:2)
  2 wasps
  21 orc warriors
  8 porcupines
  4 ice beasts
  2 nagas (Lair:5)
  A black bear (D:10)
  3 sky beasts
  4 phantoms
  A slave (D:4)
  7 ogres
  2 boring beetles
  9 centaurs
  13 crocodiles
  19 giant frogs
  A gnoll sergeant (D:10)
  2 wyvern skeletons
  A water moccasin zombie (Ossuary)
  2 scorpions (D:14)
  63 killer bees
  2 spriggan skeletons (Lab)
  A troll skeleton (Lab)
  5 crimson imps
  8 electric eels
  A giant frog zombie (D:10)
  A goliath beetle (D:8)
  2 jellies
  17 wights
  Crazy Yiuf (D:3)
  36 orc priests
  A quasit (D:10)
  5 hounds
  A giant frog skeleton (D:9)
  6 hell rats (Lair:2)
  18 orc wizards
  9 worker ants
  7 iguanas
  2 big kobold zombies (Ossuary)
  13 sheep
  An ogre skeleton (Lab)
  3 mummies
  15 adders
  5 gnolls (D:10)
  41 river rats
  2 shadow imps (D:10)
  7 adder zombies (Ossuary)
  192 orcs
  4 bats
  A bat skeleton (D:5)
  2 giant cockroaches
  3 gnoll zombies (Ossuary)
  16 goblins
  17 hobgoblins
  4 kobolds
  12 quokkas
  A ball python skeleton (D:5)
  A giant gecko (D:2)
  2 giant newts
  A goblin zombie (D:8)
  5 hobgoblin zombies (Ossuary)
  3 kobold zombies
  2 orc zombies (Ossuary)
  6 rats
  3 bushes (D:14)
  12 fungi
  13 plants
1055 creatures vanquished.

Vanquished Creatures (others)
  3 sphinxes
  40 harpies
  16 lindwurms
  21 manticores
  4 dryads
  46 wargs
  14 wolves
  77 ice beasts
  A lost soul (Elf:3)
  13 crimson imps
  An iron imp (Lair:2)
  9 hounds
  28 lightning spires
  6 shadow imps
  A giant mite (D:4)
  11 white imps
  7 quokkas
  8 bats (D:3)
  10 rats
  10 fungi
  15 plants
  A snaplasher vine (Lair:7)
  562 snaplasher vine segments
904 creatures vanquished.

Grand Total: 1984 creatures vanquished

Notes
Turn   | Place    | Note
--------------------------------------------------------------
     0 | D:1      | timbw, the Felid Summoner, began the quest for the Orb.
     0 | D:1      | Reached XP level 1. HP: 7/7 MP: 4/4
   107 | D:2      | Found a glowing golden altar of the Shining One.
   298 | D:3      | Reached XP level 2. HP: 6/11 MP: 5/5
   302 | D:3      | Learned a level 2 spell: Call Imp
   421 | D:3      | Found an iron altar of Okawaru.
   426 | D:3      | Found an ancient bone altar of Kikubaaqudgha.
   529 | D:3      | Noticed Crazy Yiuf
   576 | D:3      | Killed Crazy Yiuf
   576 | D:3      | Reached skill level 5 in Summonings
   576 | D:3      | Reached XP level 3. HP: 14/14 MP: 6/8
   581 | D:3      | Learned a level 3 spell: Call Canine Familiar
   755 | D:4      | Gained mutation: You are partially covered in rough black scales (AC +4, Dex -1). [potion of beneficial mutation]
   776 | D:4      | Noticed a slave
   777 | D:4      | Noticed a slave
   777 | D:4      | Noticed a slave
   797 | D:4      | Killed a slave
   854 | D:4      | Noticed Pikel
   860 | D:4      | Noticed a slave
  1170 | D:4      | Reached XP level 4. HP: 16/18 MP: 10/10
  1215 | D:4      | Killed Pikel
  1215 | D:4      | Reached skill level 7 in Summonings
  1215 | D:4      | Reached XP level 5. HP: 14/21 MP: 12/12
  1215 | D:4      | Gained mutation: You are covered in thick fur (AC +2). [growing up]
  1215 | D:4      | Reached XP level 6. HP: 16/24 MP: 14/14
  1288 | D:4      | Found a shadowy altar of Dithmenos.
  1387 | D:5      | Entered Level 5 of the Dungeon
  1594 | D:5      | Found a staircase to the Ecumenical Temple.
  1604 | D:5      | Reached skill level 8 in Summonings
  1619 | Temple   | Entered the Ecumenical Temple
  1656 | Temple   | Became a worshipper of Sif Muna the Loreminder
  2170 | D:7      | Reached skill level 1 in Invocations
  2170 | D:7      | Reached XP level 7. HP: 27/27 MP: 14/17
  2184 | D:7      | Learned a level 4 spell: Summon Lightning Spire
  2223 | D:7      | Noticed a spriggan baker
  2229 | D:7      | Killed a spriggan baker
  2504 | D:8      | Found a sand-covered staircase.
  2543 | Ossuary  | Entered an ossuary
  2847 | D:8      | Found a staircase to the Lair.
  3163 | Lair:1   | Entered Level 1 of the Lair of Beasts
  3288 | Lair:1   | Noticed a yak
  3289 | Lair:1   | Noticed a yak
  3289 | Lair:1   | Noticed a yak
  3289 | Lair:1   | Noticed a yak
  3302 | Lair:1   | Noticed a yak
  3306 | Lair:1   | Killed a yak
  3306 | Lair:1   | Reached XP level 8. HP: 31/31 MP: 17/20
  3329 | Lair:1   | Killed a yak
  3335 | Lair:1   | Acquired Sif Muna's first power
  3335 | Lair:1   | Reached skill level 5 in Dodging
  3347 | Lair:1   | Killed a yak
  3400 | Lair:1   | Killed a yak
  3404 | Lair:1   | Killed a yak
  3552 | Lair:1   | Noticed a spiny frog
  3559 | Lair:1   | Killed a spiny frog
  3559 | Lair:1   | Reached skill level 9 in Summonings
  3568 | Lair:1   | Learned a level 4 spell: Summon Ice Beast
  3582 | Lair:1   | Noticed a yak
  3582 | Lair:1   | Noticed a yak
  3585 | Lair:1   | Noticed a yak
  3592 | Lair:1   | Noticed a yak
  3603 | Lair:1   | Killed a yak
  3606 | Lair:1   | Killed a yak
  3609 | Lair:1   | Killed a yak
  3616 | Lair:1   | Killed a yak
  3729 | Lair:1   | Noticed a spiny frog
  3771 | Lair:1   | Killed a spiny frog
  3771 | Lair:1   | Reached XP level 9. HP: 34/34 MP: 14/23
  3919 | Lair:2   | Noticed a komodo dragon
  3929 | Lair:2   | Killed a komodo dragon
  3929 | Lair:2   | Acquired Sif Muna's second power
  3929 | Lair:2   | Reached skill level 5 in Spellcasting
  3947 | Lair:2   | Noticed a black mamba
  3970 | Lair:2   | Killed a black mamba
  3984 | Lair:2   | Noticed a fire drake
  4007 | Lair:2   | Killed a fire drake
  4007 | Lair:2   | Reached skill level 5 in Invocations
  4011 | Lair:2   | Noticed a five-headed hydra
  4027 | Lair:2   | Killed a five-headed hydra
  4268 | Lair:2   | Learned a level 5 spell: Summon Forest
  4329 | Lair:3   | Reached skill level 10 in Summonings
  4372 | Lair:3   | Noticed Maud
  4393 | Lair:3   | Killed Maud
  4393 | Lair:3   | Reached XP level 10. HP: 37/37 MP: 15/27
  4702 | Lair:3   | Noticed a seven-headed hydra
  4722 | Lair:3   | Killed a seven-headed hydra
  4736 | Lair:3   | Learned a level 2 spell: Repel Missiles
  4868 | Lair:3   | Noticed a six-headed hydra
  4881 | Lair:3   | Killed a six-headed hydra
  5153 | Lair:4   | Reached skill level 10 in Dodging
  5205 | Lair:4   | Noticed an eight-headed hydra
  5218 | Lair:4   | Killed an eight-headed hydra
  5379 | Lair:5   | Noticed an oklob plant
  5379 | Lair:5   | Noticed a black mamba
  5389 | Lair:4   | Killed a black mamba
  5435 | Lair:4   | Noticed Fannar
  5528 | Lair:4   | Killed Fannar
  5528 | Lair:4   | Reached skill level 11 in Summonings
  5552 | Lair:5   | Reached XP level 11. HP: 34/40 MP: 26/29
  5757 | Lair:5   | Noticed Harold
  5803 | Lair:5   | Killed Harold
  5949 | Lair:5   | Acquired Sif Muna's third power
  5963 | Lair:5   | Reached skill level 1 in Fighting
  6031 | Lair:5   | Found a staircase to the Snake Pit.
  6079 | Lair:5   | Noticed a death yak
  6113 | Lair:5   | Killed a death yak
  6261 | Lair:5   | Noticed a fire crab
  6282 | Lair:5   | Engulfed by a fire crab's flame
  6283 | Lair:5   | Reached XP level 10. HP: 1/40 MP: 35/38
  6561 | Lair:6   | Noticed a black mamba
  6572 | Lair:6   | Killed a black mamba
  6740 | Lair:6   | Noticed a black mamba
  6747 | Lair:6   | Killed a black mamba
  6900 | Lair:7   | Noticed a six-headed hydra
  6942 | Lair:7   | Noticed a death yak
  6955 | Lair:7   | Reached skill level 12 in Summonings
  6985 | Lair:7   | Noticed a death yak
  6985 | Lair:7   | Noticed a death yak
  6987 | Lair:7   | Noticed a death yak
  6987 | Lair:7   | Noticed a death yak
  6988 | Lair:7   | Noticed a death yak
  7070 | Lair:7   | Killed a death yak
  7070 | Lair:7   | Reached XP level 11. HP: 44/46 MP: 6/29
  7115 | Lair:7   | Killed a six-headed hydra
  7175 | Lair:7   | Noticed a griffon
  7222 | Lair:7   | Killed a griffon
  7363 | Lair:7   | Killed a death yak
  7364 | Lair:7   | Killed a death yak
  7364 | Lair:7   | Reached skill level 5 in Fighting
  7371 | Lair:7   | Killed a death yak
  7398 | Lair:7   | Killed a death yak
  7400 | Lair:7   | Killed a death yak
  7461 | Lair:7   | Found a viscous altar of Jiyva.
  7462 | Lair:7   | Found a staircase to the Slime Pits.
  7485 | Lair:8   | Entered Level 8 of the Lair of Beasts
  7509 | Lair:8   | Reached skill level 13 in Summonings
  8098 | Lair:8   | Found a shadowy altar of Dithmenos.
  8361 | Lair:8   | Noticed a six-headed hydra
  8395 | Lair:8   | Killed a six-headed hydra
  8395 | Lair:8   | Received a gift from Sif Muna
  8396 | Lair:8   | Gained mutation: Your thick and shaggy fur keeps you warm (AC +3, rC+). [growing up]
  8396 | Lair:8   | Reached XP level 12. HP: 51/53 MP: 4/30
  8399 | Lair:8   | Identified Sif Muna's Compendium of the Entourage (Sif Muna gifted it to you on level 8 of the Lair of Beasts)
  8412 | Lair:8   | Reached skill level 14 in Summonings
  8434 | Lair:8   | Learned a level 6 spell: Monstrous Menagerie
  8649 | Lair:8   | Noticed an eight-headed hydra
  8653 | Lair:8   | Killed an eight-headed hydra
  8936 | Lair:8   | Noticed a six-headed hydra
  8944 | Lair:8   | Killed a six-headed hydra
  9072 | Lair:8   | Identified a scroll of acquirement
  9671 | Lair:4   | Reached skill level 15 in Summonings
 10674 | Lair:5   | Found a staircase to the Shoals.
 10682 | Lair:5   | Upgraded the game from 0.16-a0-4048-g245e628 to 0.16-a0-4056-gee4db93
 11116 | D:9      | Found Fimus' Antique Weapon Shop.
 11263 | D:9      | Found a shattered altar of Ashenzari.
 11540 | D:10     | Entered Level 10 of the Dungeon
 11897 | D:10     | Noticed Erolcha
 11904 | D:10     | Killed Erolcha
 12335 | D:11     | Found a staircase to the Orcish Mines.
 12429 | Orc:1    | Entered Level 1 of the Orcish Mines
 12667 | Orc:2    | Found Qetaph's Weapon Shop.
 13135 | Orc:3    | Found Fygos' Book Shoppe.
 13156 | Orc:3    | Bought a book of Battle for 560 gold pieces
 13160 | Orc:3    | Learned a level 3 spell: Regeneration
 13344 | Orc:4    | Entered Level 4 of the Orcish Mines
 13416 | Orc:4    | Noticed Gastronok
 13445 | Orc:4    | Killed Gastronok
 13620 | Orc:4    | Received a gift from Sif Muna
 13621 | Orc:4    | Identified Sif Muna's Almanac of Harmful Fire (Sif Muna gifted it to you on level 4 of the Orcish Mines)
 13668 | Orc:4    | Found a staircase to the Elven Halls.
 13732 | Orc:4    | Reached XP level 13. HP: 46/57 MP: 21/32
 13804 | Orc:4    | Found Saluvory's Antique Armour Shop.
 13804 | Orc:4    | Found Kuelal's Distillery.
 13837 | Orc:4    | Bought a potion of restore abilities for 80 gold pieces
 13837 | Orc:4    | Bought a potion of curing for 48 gold pieces
 13837 | Orc:4    | Bought a potion of magic for 128 gold pieces
 13837 | Orc:4    | Bought a potion of heal wounds for 80 gold pieces
 13837 | Orc:4    | Bought a potion of brilliance for 64 gold pieces
 13837 | Orc:4    | Bought a potion of agility for 64 gold pieces
 13849 | Orc:4    | Found a roughly hewn altar of Beogh.
 13882 | Orc:4    | Noticed Psyche
 13902 | Orc:4    | Killed Psyche
 13924 | Orc:4    | Found Akaompofa's Food Shop.
 13950 | Orc:4    | Reached skill level 16 in Summonings
 13956 | Orc:4    | Found Oqidgheoz's Antique Weapon Shoppe.
 14217 | Elf:1    | Entered Level 1 of the Elven Halls
 14448 | Elf:3    | Entered Level 3 of the Elven Halls
 15029 | Elf:3    | Noticed a deep elf demonologist
 15044 | Elf:3    | Killed a deep elf demonologist
 15047 | Elf:3    | Noticed a deep elf demonologist
 15065 | Elf:3    | Noticed an Executioner
 15078 | Elf:3    | Killed from afar by an Executioner
 15079 | Elf:3    | Reached XP level 12. HP: -6/54 MP: 22/41
 15087 | Elf:3    | Killed a deep elf demonologist
 15129 | Elf:3    | Noticed a deep elf annihilator
 15130 | Elf:3    | Noticed a deep elf blademaster
 15159 | Elf:3    | Noticed a deep elf master archer
 15166 | Elf:3    | Noticed a deep elf sorcerer
 15634 | Elf:2    | Killed a deep elf sorcerer
 15775 | Elf:3    | Reached skill level 5 in Stealth
 15880 | Elf:3    | Killed a deep elf master archer
 15934 | Elf:3    | Killed a deep elf blademaster
 16078 | Elf:3    | Noticed a deep elf sorcerer
 16089 | Elf:3    | Killed a deep elf sorcerer
 16171 | Elf:3    | Killed a deep elf annihilator
 16218 | Elf:3    | Noticed a deep elf sorcerer
 16221 | Elf:3    | Noticed a deep elf sorcerer
 16225 | Elf:3    | Noticed a deep elf annihilator
 16227 | Elf:3    | Noticed a deep elf annihilator
 16227 | Elf:3    | Noticed a deep elf blademaster
 16265 | Elf:3    | Killed a deep elf blademaster
 16265 | Elf:3    | Received a gift from Sif Muna
 16265 | Elf:3    | Reached skill level 10 in Spellcasting
 16270 | Elf:3    | Killed a deep elf annihilator
 16274 | Elf:3    | Killed a deep elf sorcerer
 16274 | Elf:3    | Reached XP level 13. HP: 36/57 MP: 9/33
 16285 | Elf:3    | Killed a deep elf annihilator
 16424 | Elf:3    | Noticed a deep elf demonologist
 16431 | Elf:3    | Killed a deep elf demonologist
 16435 | Elf:3    | Noticed a deep elf demonologist
 16444 | Elf:3    | Killed a deep elf demonologist
 16450 | Elf:3    | Noticed a deep elf sorcerer
 16480 | Elf:3    | Reached skill level 17 in Summonings
 16512 | Elf:3    | Killed a deep elf sorcerer
 16516 | Elf:3    | Got a brightly glowing marble ring
 16521 | Elf:3    | Identified the ring "Jatuugoulu" {rF+ Str+4} (You took it off a deep elf high priest on level 3 of the Elven Halls)
 16552 | Elf:3    | Noticed a deep elf annihilator
 16552 | Elf:3    | Noticed a deep elf master archer
 16561 | Elf:3    | Shot with an arrow by a deep elf master archer
 16562 | Elf:3    | Reached XP level 12. HP: -12/54 MP: 31/41
 16596 | Elf:3    | Killed a deep elf annihilator
 16599 | Elf:3    | Got a translucent bronze ring
 16616 | Elf:3    | Identified the ring "Aclimiurph" {rPois Int+2} (You took it off a deep elf death mage on level 3 of the Elven Halls)
 16621 | Elf:3    | Noticed a deep elf annihilator
 16624 | Elf:3    | Killed a deep elf annihilator
 16661 | Elf:3    | Killed a deep elf sorcerer
 16676 | Elf:3    | Noticed a deep elf annihilator
 16682 | Elf:3    | Killed a deep elf annihilator
 16721 | Elf:3    | Got a transparent sapphire amulet
 16722 | Elf:3    | Identified the amulet of Reng {Ward +Inv rC- rN+ MR++ SInv} (You found it on level 3 of the Elven Halls)
 16770 | Elf:3    | Identified Doeheed's Incunabulum of Flames and Blows and Bruises (You found it on level 3 of the Elven Halls)
 16864 | Elf:3    | Killed a deep elf master archer
 16980 | Elf:1    | Noticed a deep elf demonologist
 17011 | Elf:1    | Noticed a reaper
 17015 | Elf:1    | Killed a deep elf demonologist
 17247 | Orc:2    | Found Eries' General Store.
 17261 | Orc:2    | Bought a potion of resistance for 130 gold pieces
 17520 | D:12     | Found Thrazissu's Book Shoppe.
 17646 | D:12     | Found a labyrinth entrance.
 17669 | Lab      | Entered a labyrinth
 17924 | Lab      | Noticed a minotaur
 17931 | Lab      | Killed a minotaur
 17960 | Lab      | Got a brightly glowing steel amulet
 17964 | Lab      | Identified the amulet of Red Wine {Stasis rF- Int+7 Dex+2 Slay-3 Stlth+} (You found it in a labyrinth)
 17969 | Lab      | Got a scorched lapis lazuli ring
 17970 | Lab      | Identified the ring "Clureoj" {rF+ rN+ MP-9 Str+4 Dex+3 Slay+3} (You found it in a labyrinth)
 18078 | D:13     | Noticed a centaur warrior
 18091 | D:13     | Killed a centaur warrior
 18280 | D:13     | Noticed a six-headed hydra
 18286 | D:13     | Reached XP level 13. HP: 57/57 MP: 2/34
 18290 | D:13     | Killed a six-headed hydra
 18298 | D:13     | Received a gift from Sif Muna
 18299 | D:13     | Identified Sif Muna's Papyrus of Summoning (Sif Muna gifted it to you on level 13 of the Dungeon)
 18449 | D:13     | Found a gate to the Vaults.
 18449 | D:13     | Noticed a vault guard
 18449 | D:13     | Noticed a vault guard
 18449 | D:13     | Noticed a vault guard
 18449 | D:13     | Noticed a vault guard
 18450 | D:13     | Noticed a vault guard
 18450 | D:13     | Noticed a vault guard
 18450 | D:13     | Noticed a vault guard
 18450 | D:13     | Noticed a vault guard
 18459 | D:13     | Killed a vault guard
 18462 | D:13     | Killed a vault guard
 18466 | D:13     | Killed a vault guard
 18475 | D:13     | Killed a vault guard
 18483 | D:13     | Killed a vault guard
 18492 | D:13     | Killed a vault guard
 18512 | D:13     | Killed a vault guard
 18520 | D:13     | Killed a vault guard
 18520 | D:13     | Reached skill level 18 in Summonings
 18573 | D:13     | Learned a level 8 spell: Summon Horrible Things
 18617 | D:14     | Noticed Roxanne
 19893 | D:15     | Entered Level 15 of the Dungeon
 19913 | D:15     | Noticed Nergalle
 19931 | D:15     | Killed Nergalle
 19937 | D:15     | Noticed a vampire knight
 19940 | D:15     | Noticed a storm dragon
 19944 | D:15     | Killed from afar by a storm dragon

Action                   |  1- 3 |  4- 6 |  7- 9 | 10-12 | 13-15 || total
-------------------------+-------+-------+-------+-------+-------++-------
Melee: Unarmed           |    19 |    19 |    45 |   194 |    43 ||   320
 Cast: Summon Small Mamm |    31 |     5 |     6 |       |       ||    42
       Call Imp          |    25 |    22 |    34 |     8 |       ||    89
       Call Canine Famil |     7 |    12 |    34 |    85 |    34 ||   172
       Summon Lightning  |       |       |    15 |    65 |    13 ||    93
       Summon Ice Beast  |       |       |    36 |   264 |     2 ||   302
       Summon Forest     |       |       |       |    13 |       ||    13
       Repel Missiles    |       |       |       |     6 |     1 ||     7
       Monstrous Menager |       |       |       |   172 |   101 ||   273
       Regeneration      |       |       |       |    42 |    45 ||    87
Invok: Channel Energy    |       |       |    50 |   374 |   150 ||   574
       Forget Spell      |       |       |       |     1 |       ||     1
Evoke: Wand              |       |     3 |       |     4 |     3 ||    10
  Use: Scroll            |     7 |     1 |     5 |    20 |     5 ||    38
       Potion            |     1 |       |       |     6 |     3 ||    10
 Stab: Sleeping          |       |       |     2 |     2 |     1 ||     5
       Distracted        |       |       |     1 |     2 |     1 ||     4
       Paralysed         |       |       |       |     1 |       ||     1
  Eat: Chunk             |    10 |     4 |    22 |   132 |    49 ||   217
       Beef jerky        |       |       |       |     5 |       ||     5
       Meat ration       |       |       |       |     2 |       ||     2
       Pizza             |       |       |       |       |     6 ||     6
